 Dungeon Crawl Stone Soup version 0.19.0-20-gbc5f0c6 (webtiles) character file.

2543275 p0werm0de the Spry (level 27, 222/222 HPs)
             Began as a Mummy Hunter on Nov 16, 2016.
             Was a Follower of Uskayaw.
             Escaped with the Orb
             ... and 5 runes on Nov 17, 2016!
             The game lasted 08:10:54 (103640 turns).

p0werm0de the Spry (Mummy Hunter)                 Turns: 103640, Time: 08:10:55

Health: 222/222    AC: 40    Str: 15    XL:     27
Magic:  1/36       EV: 27    Int: 24    God:    Uskayaw [*.....]
Gold:   139        SH:  7    Dex: 28    Spells: 12 memorised, 4 levels left

rFire  + . .     SeeInvis .     a - +9 eveningstar (vamp)
rCold  + . .     Gourm    .     L - +8 fire dragon scales
rNeg   + + +     Faith    .     K - +0 buckler of Dramatic Exits {MR+ Dex+3}
rPois  ∞         Spirit   .     t - +0 helmet
rElec  +         Reflect  .     C - +2 cloak "Nogrehin" {Str-3 Int+2 Dex+3}
rCorr  .         Harm     .     d - +0 pair of fencer's gloves {+Riposte Dex+3}
MR     +++++                    m - +2 pair of boots
Stlth  +.........               X - macabre finger necklace {rN+}
                                p - ring "Kosuisch" {rElec rPois MR+ Int+2}
                                l - ring of Robustness {AC+8}
                                N - ring of Utuna {rC+ Int+6}

@: swift (expiring), singing, very slightly contaminated, studying
Translocations, repel missiles, quick
A: no food or potions, fire vulnerability, cold resistance 1, negative energy
resistance 3, torment resistance, unbreathing, in touch with death 2
a: Stomp, Renounce Religion, Stop Singing
0: Orb of Zot
}: 5/15 runes: barnacled, slimy, silver, abyssal, gossamer


You escaped.
You worshipped Uskayaw.
Uskayaw was most pleased with you.
You were not hungry.

You visited 12 branches of the dungeon, and saw 58 of its levels.
You visited the Abyss 1 time.
You visited 1 ziggurat, and saw 6 of its levels.
You also visited: Ice Cave.

You collected 9937 gold pieces.
You spent 9798 gold pieces at shops.

Inventory:

Hand Weapons
 a - a +9 vampiric eveningstar (weapon)
 b - a +3 dagger of speed
 P - the +7 great mace "Undeadhunter" {disrupt, rN+}
   (You found it on level 5 of the Pits of Slime)

   It protects you from negative energy.
Missiles
 Z - 11 throwing nets (quivered)
Armour
 d - the +0 pair of fencer's gloves (worn) {+Riposte Dex+3}
   (You found it on level 5 of the Pits of Slime)

   It affects your dexterity (+3).
 m - a +2 pair of boots (worn)
 t - a +0 helmet (worn)
 C - the +2 cloak "Nogrehin" (worn) {Str-3 Int+2 Dex+3}
   (You found it on level 3 of the Elven Halls)

   It affects your strength (-3).
   It affects your intelligence (+2).
   It affects your dexterity (+3).
 K - the +0 buckler of Dramatic Exits (worn) {MR+ Dex+3}
   (You bought it in a shop on level 2 of the Orcish Mines)

   It affects your dexterity (+3).
   It affects your resistance to hostile enchantments.
 L - +8 fire dragon scales (worn)
Rods
 w - a +6 rod of clouds (12/12)
   (You found it on level 6 of the Lair of Beasts)
Jewellery
 e - the ring of Shadows {Umbra +Inv Stlth+}
   (You bought it in a shop on level 1 of the Depths)

   [ring of stealth]

   It lets you turn invisible.
   It makes you more stealthy.
 l - the ring of Robustness (left hand) {AC+8}
   (You took it off a vault guard on level 5 of the Vaults)

   [ring of protection]

   It affects your AC (+8).
 p - the ring "Kosuisch" (right hand) {rElec rPois MR+ Int+2}
   (You found it on level 6 of the Lair of Beasts)

   [ring of protection from magic]

   It affects your intelligence (+2).
   It insulates you from electricity.
   It protects you from poison.
   It affects your resistance to hostile enchantments.
 q - the ring "Nefuath" {MP+9 Str+8 Int-5}
   (You took it off an ironheart preserver on level 5 of the Vaults)

   [ring of magical power]

   It affects your strength (+8).
   It affects your intelligence (-5).
   It affects your magic capacity (+9).
 y - an uncursed ring of see invisible
 F - an uncursed ring of protection from fire
 I - a +6 ring of protection
 N - the ring of Utuna (on amulet) {rC+ Int+6}
   (You found it on level 5 of the Pits of Slime)

   [ring of intelligence]

   It affects your intelligence (+6).
   It protects you from cold.
 Q - the ring of Deumaum {+Inv rC+++ rN++ MP+9 Int-5}
   (You bought it in a shop on level 1 of the Elven Halls)

   [ring of magical power]

   It affects your intelligence (-5).
   It renders you almost immune to cold.
   It greatly protects you from negative energy.
   It affects your magic capacity (+9).
   It lets you turn invisible.
 T - an uncursed ring of wizardry
 X - the macabre finger necklace (around neck) {rN+}
   (You bought it in a shop on level 1 of the Depths)

   [amulet of nothing]

   It protects you from negative energy.
 Y - the ring "Vatutaut" {rF+ Str+3}
   (You bought it in a shop on level 2 of the Orcish Mines)

   [ring of protection from fire]

   It affects your strength (+3).
   It protects you from fire.
Wands
 c - a wand of iceblast (4/15)
 f - a wand of heal wounds (4/9)
 g - a wand of digging (10/24)
 j - a wand of confusion (11/48)
 o - a wand of disintegration (4/24)
 r - a wand of hasting (3/9)
 u - a wand of heal wounds (4/9)
 E - a wand of acid (0/15)
 G - a wand of slowing (21/48)
 J - a wand of disintegration (13/24)
 V - a wand of polymorph (15/24)
 W - a wand of paralysis (9/24)
Scrolls
 h - 2 scrolls of vulnerability
 i - a scroll of amnesia
 k - 25 scrolls of remove curse
 n - 4 scrolls of recharging
 s - 14 scrolls of magic mapping
 v - a scroll of identify
 z - 7 scrolls of fear
 B - 7 scrolls of blinking
 D - 6 scrolls of fog
 H - 6 scrolls of teleportation
Books
 S - a manual of Translocations
Miscellaneous
 x - a lamp of fire
 A - a box of beasts
 M - a disc of storms
 O - a fan of gales
 R - 3 sacks of spiders
 U - a phial of floods


   Skills:
 - Level 19.4 Fighting
   Level 14.7 Long Blades
 - Level 16.3 Maces & Flails
   Level 3.2 Crossbows
 - Level 15.1 Armour
 - Level 20.6 Dodging
 - Level 4.0 Stealth
 - Level 5.0 Shields
 - Level 8.0 Spellcasting
 - Level 18.1 Summonings
 * Level 18.4 Invocations
 - Level 10.0 Evocations


You had 4 spell levels left.
You knew the following spells:

 Your Spells              Type           Power        Failure   Level  Hunger
a - Apportation           Tloc           #.........   21%         1    N/A
b - Confuse               Hex            #.......     63%         3    N/A
c - Lesser Beckoning      Tloc           #.........   63%         3    N/A
d - Confusing Touch       Hex            #.....       21%         1    N/A
e - Summon Mana Viper     Hex/Summ       ######..     14%         5    N/A
i - Repel Missiles        Chrm/Air       #.....       30%         2    N/A
j - Swiftness             Chrm/Air       #.......     30%         2    N/A
k - Spectral Weapon       Hex/Chrm       #.......     63%         3    N/A
r - Monstrous Menagerie   Summ           #######...   12%         7    N/A
s - Song of Slaying       Chrm           #.......     30%         2    N/A
w - Summon Horrible Thin  Summ           #######...   80%         8    N/A
B - Summon Butterflies    Summ           #######.     0%          1    N/A

Dungeon Overview and Level Annotations

Branches:
Dungeon (15/15)            Temple (1/1) D:6            Lair (6/6) D:9
 Shoals (4/4) Lair:3       Spider (4/4) Lair:3        Slime (5/5) Lair:6
    Orc (2/2) D:11            Elf (3/3) Orc:2        Vaults (5/5) D:13
  Crypt (3/3) Vaults:2       Tomb (0/3) Crypt:3      Depths (5/5) D:15
    Zot (5/5) Depths:5

Altars:
Ashenzari
Cheibriados
Dithmenos
Elyvilon
Fedhas
Gozag
Hepliaklqana
Kikubaaqudgha
Makhleb
Nemelex Xobeh
Okawaru
Qazlal
Ru
Sif Muna
Trog
Uskayaw
Vehumet
Xom
Yredelemnul
Zin
The Shining One
Beogh
Jiyva
Lugonu

Shops:
D:10 [   D:11 (   Orc:2 ([*=   Elf:1 =   Vaults:1 **   Vaults:2 ??(
Vaults:4 %   Depths:1 *}}=   Depths:3 ?   Depths:4 !

Portals:
Hell: Depths:1 Depths:2 Depths:3 Depths:4 Depths:5
Abyss: Depths:1 Depths:4 Depths:5
Pandemonium: Depths:2 Depths:3
Trove: D:11 (give 14 scrolls of teleportation)

Annotations:
D:5 1 runed door
D:13 1 exclusion
D:15 Roxanne
Lair:3 exclusion: 2 downstairs
Shoals:1 exclusion: downstairs
Shoals:2 Polyphemus
Spider:2 2 exclusions
Spider:3 exclusion: downstairs
Slime:4 exclusion: downstairs
Vaults:1 exclusion: obsidian statue
Depths:4 Mennas


Innate Abilities, Weirdness & Mutations

You do not eat or drink.
Your flesh is vulnerable to fire.
You are immune to poison.
Your flesh is cold resistant. (rC+)
You are immune to negative energy. (rN+++)
You are immune to unholy pain and torment.
You can survive without breathing.
You are strongly in touch with the powers of death.


Message History

Confirm with . or Enter, or press ? or * to list all spells.
Okay, then.
Casting: Summon Butterflies
Confirm with . or Enter, or press ? or * to list all spells.
You summon a manticore!
Casting: Monstrous Menagerie
Confirm with . or Enter, or press ? or * to list all spells.
You summon some harpies!
Unknown command.
Casting: Monstrous Menagerie
Confirm with . or Enter, or press ? or * to list all spells.
You summon some harpies!
Casting: Monstrous Menagerie
Confirm with . or Enter, or press ? or * to list all spells.
Nothing appears to happen.
You start to feel a little slower.
Unknown command.
Unknown command.
Your hands stop glowing.
You have escaped!

#.##.....########## #.........
..#######.######### #.....>...
......# ##.#......#### ##........
.....####..b...[.....## #........
.##### #......####....###........
.# ##....#b#####....##........ .#
##....##..H.b##...###......#
.#####....###.H(#b###..###......#
.....#....##..##@H###..##.......#
.....#....##...#####..###......##
..####....###...###...##.......#
.....##....##........###......##
.######.....###....####.......#
.....###.....########........##
.##### ##......####.........## #
.# ### ##.................## ##
## #.## ###.............### ###.


You could see a friendly manticore, 2 friendly harpies and a friendly spectral
vampiric eveningstar.

Vanquished Creatures
  the Royal Jelly (Slime:5)
  Dissolution (Slime:3)
  3 ancient liches (Zot:5)
  Khufu (Crypt:3)
  Mara (Depths:3)
  4 orbs of fire (Zot:5)
  3 juggernauts
  3 Killer Klowns
  A curse toe (Zot:4)
  14 golden dragons
  4 bone dragons
  A Brimstone Fiend (Depths:1)
  3 electric golems
  Rupert (D:15)
  2 liches
  30 tentacled monstrosities
  26 Orb Guardians
  Asterion (Elf:1)
  9 quicksilver dragons
  2 deep elf blademasters
  5 titans (Vaults:5)
  2 deep elf master archers (Elf:3)
  22 acid blobs
  7 ancient champions
  4 tentacled starspawn (Abyss:3)
  An Executioner (Abyss:3)
  Agnes (Spider:1)
  A kraken (Abyss:3)
  A sphinx (shapeshifter) (Vaults:1)
  7 death cobs
  5 sphinxes
  Kirke (Lair:4)
  10 shadow dragons
  16 storm dragons
  Frances (Shoals:2)
  9 azure jellies
  Donald (Elf:1)
  A shadow dragon (shapeshifter) (Vaults:1)
  10 tengu reavers
  3 draconian monks
  Ilsuiw (Shoals:4)
  3 revenants
  Louise (Depths:1)
  6 frost giants
  6 draconian scorchers
  2 iron dragons
  A cacodemon (Depths:3)
  14 ghost moths
  11 fire giants
  4 draconian knights
  3 emperor scorpions
  2 orc warlords (Orc:2)
  Aizul (Elf:2)
  3 draconian zealots
  5 ghouls
  11 deep elf sorcerers
  18 ironheart preservers
  12 vault wardens
  2 curse skulls
  6 draconian annihilators
  A spriggan defender (Depths:2)
  5 draconian shifters
  7 deep elf elementalists
  17 stone giants
  A war gargoyle (Vaults:5)
  3 draconian callers
  27 very ugly things
  5 deep elf demonologists
  3 entropy weavers
  11 green draconians
  11 vampire knights
  8 deep elf annihilators
  8 black draconians
  12 yellow draconians
  11 white draconians
  7 spark wasps
  9 mottled draconians
  9 red draconians
  9 purple draconians
  6 merfolk javelineers
  15 ettins
  A blizzard demon (Abyss:3)
  5 eidola
  13 merfolk impalers
  16 deep elf death magi
  The ghost of barbarian the Fighter, a journeyman MiMo of Cheibriados (D:12)
  12 fire dragons
  The ghost of kae the Basher, a journeyman FoFi of Okawaru (IceCv)
  2 mummy priests (Crypt:3)
  6 deep elf high priests
  15 jiangshi
  8 death oozes
  10 great orbs of eyes
  26 vault guards
  24 yaktaur captains
  Harold (D:10)
  8 centaur warriors
  20 ice dragons
  2 rakshasas
  An ice dragon (shapeshifter) (D:15)
  4 catoblepae
  8 death knights
  3 spriggan air magi
  An anaconda (shapeshifter) (Vaults:3)
  A ghost crab (Abyss:3)
  6 merfolk avatars
  An alligator snapping turtle (Shoals:3)
  4 hydras
  21 ogre magi
  15 large abominations
  7 death yaks
  4 satyrs
  23 dancing weapons
  10 merfolk aquamancers
  A naga sharpshooter (Zig:3)
  4 spriggan berserkers
  8 deep troll shamans
  9 deep troll earth magi
  4 vampire magi
  3 hell hogs (Depths:4)
  5 tengu warriors
  3 orc high priests
  Urug (Orc:2)
  3 thrashing horrors (Abyss:3)
  25 deep elf knights
  2 soul eaters
  An iron golem (Zig:4)
  Nergalle (Orc:1)
  A sun demon (Depths:3)
  Sonja (D:12)
  4 shadow wraiths
  A titan skeleton (Crypt:2)
  2 wretched stars (Abyss:3)
  7 small abominations
  14 sea snakes
  A fire crab (Abyss:3)
  7 hell knights
  2 sea snakes (shapeshifter)
  5 iron trolls
  2 spatial maelstroms (Abyss:3)
  A glowing orange brain (shapeshifter) (Vaults:5)
  44 skeletal warriors
  8 wizards
  11 flayed ghosts
  13 glowing orange brains
  9 unseen horrors
  2 swamp dragons (Zot:3)
  29 deep trolls
  The ghost of TotoDurand the Skirmisher, a novice GrFi of Makhleb (D:6)
  A naga ritualist (Zig:3)
  20 ironbrand convokers
  A deep troll (shapeshifter) (Elf:1)
  9 hill giants
  2 anaconda skeletons
  12 harpies
  15 orc knights
  2 harpies (shapeshifter)
  Pikel (D:9)
  14 deep elf archers
  13 phantasmal warriors
  9 necromancers
  48 ugly things
  14 orb spiders
  A sphinx zombie (Vaults:2)
  2 frost giant zombies (Crypt:1)
  32 wolf spiders
  An oklob plant (Orc:1)
  2 human zombies (Vaults:2)
  26 fauns
  9 orc sorcerers
  8 cyclopes
  65 deep elf magi
  A stone giant zombie (Crypt:1)
  17 manticores
  4 shining eyes
  27 moths of wrath
  A salamander (D:15)
  9 sirens
  2 centaur zombies (D:13)
  An elephant (Abyss:3)
  An ice statue (IceCv)
  A worldbinder (Abyss:3)
  16 vault sentinels
  Maurice (Orc:2)
  A rust devil (Depths:3)
  6 black mambas
  4 apocalypse crabs
  5 water nymphs
  2 gargoyles (D:11)
  2 eyes of devastation (Slime:4)
  An orange demon (Abyss:3)
  A naga mage (Zig:3)
  2 torpor snails
  An eye of devastation (shapeshifter) (Vaults:1)
  3 smoke demons
  5 spectral swamp worms (Depths:2)
  A dire elephant skeleton (Crypt:1)
  A komodo dragon (shapeshifter) (Vaults:3)
  A spiny frog (shapeshifter) (Elf:1)
  10 komodo dragons
  9 spiny frogs
  3 hellions
  64 yaktaurs
  27 freezing wraiths
  3 kobold demonologists
  5 rime drakes
  An efreet (D:13)
  2 ice devils (D:13)
  11 demonic crawlers
  6 guardian mummies (Crypt:3)
  5 tengu conjurers
  3 hellwings
  A troll (shapeshifter) (Vaults:3)
  2 human skeletons (Vaults:2)
  3 meliai (D:14)
  40 jumping spiders
  36 merfolk
  2 ancient zymes (Abyss:3)
  19 hornets
  8 wind drakes
  2 polar bears
  40 two-headed ogres
  6 dream sheep
  A harpy skeleton (Crypt:2)
  A wolf spider simulacrum (IceCv)
  8 trolls
  9 snapping turtles
  A raiju (shapeshifter) (Depths:2)
  A two-headed ogre (shapeshifter) (Vaults:1)
  110 slime creatures
  A fire dragon zombie (Crypt:1)
  9 hippogriffs
  7 raiju (Abyss:3)
  2 blink frogs (shapeshifter)
  12 blink frogs
  A hornet (shapeshifter) (Abyss:3)
  2 bog bodies (Crypt:2)
  Prince Ribbit (D:9)
  A frost giant simulacrum (Crypt:3)
  2 meliai zombies
  58 flying skulls
  A guardian serpent skeleton (Crypt:2)
  A redback (shapeshifter) (Vaults:5)
  27 tarantellas
  90 redbacks
  13 wraiths
  4 ynoxinuls
  3 spriggans
  13 air elementals
  7 shadows
  19 water elementals
  11 golden eyes
  55 yaks
  2 yaks (shapeshifter)
  4 wyverns
  7 basilisks
  A fire bat (shapeshifter) (Vaults:5)
  A fire bat (D:11)
  18 humans (D:13)
  5 fire elementals
  2 hogs (shapeshifter)
  A steam dragon (D:11)
  3 hogs (Lair:4)
  A neqoxec (Abyss:3)
  A death yak simulacrum (IceCv)
  5 chaos spawn
  2 wargs (Vaults:5)
  3 mottled dragons
  A spectral spiny frog (Crypt:3)
  2 spatial vortices (Abyss:3)
  2 nagas (Zig:3)
  5 vampire mosquitoes
  A monstrous demonspawn zombie (Abyss:3)
  5 hell hounds
  A soldier ant (shapeshifter) (Vaults:2)
  12 water moccasins
  A merfolk zombie (Crypt:2)
  3 porcupines
  4 sky beasts
  A deep troll skeleton (Vaults:2)
  A monstrous demonspawn skeleton (Crypt:1)
  41 orc warriors
  A swamp drake (Abyss:3)
  5 eyes of draining
  A spiny frog skeleton (Abyss:3)
  2 phantoms
  A hornet zombie (Crypt:1)
  8 ice beasts
  An ogre (shapeshifter) (Vaults:5)
  11 necrophages
  4 wolves
  9 boggarts
  A fire dragon simulacrum (Crypt:3)
  A ghost crab zombie (Crypt:1)
  A black mamba simulacrum (Abyss:3)
  A torpor snail zombie (Crypt:2)
  An elephant skeleton (Crypt:1)
  87 ogres
  An orc skeleton (Vaults:2)
  18 crocodiles
  12 centaurs
  2 elf simulacra
  A centaur (shapeshifter) (Vaults:2)
  8 big kobolds
  15 bullfrogs
  5 earth elementals
  A spiny frog simulacrum (Crypt:3)
  2 wyvern skeletons
  6 scorpions
  An elephant simulacrum (IceCv)
  A spriggan zombie (Crypt:1)
  16 killer bees
  A yak zombie (Crypt:2)
  A warg skeleton (Crypt:2)
  12 wights
  A yak skeleton (Crypt:1)
  3 electric eels (Lair:1)
  4 howler monkeys
  4 crimson imps
  10 starcursed masses (Abyss:3)
  3 bullfrog zombies
  2 draconian simulacra (IceCv)
  23 orc priests
  An iron imp (Zot:4)
  A bullfrog skeleton (D:4)
  5 hounds
  32 orc wizards
  A quasit (D:8)
  3 centaur skeletons
  4 jellies
  Jessica (D:7)
  5 iguanas
  6 troll simulacra (IceCv)
  16 worker ants
  A polar bear simulacrum (IceCv)
  A deep dwarf zombie (Crypt:1)
  A centaur simulacrum (IceCv)
  A mottled dragon skeleton (Crypt:2)
  2 hound skeletons
  A worker ant zombie (D:5)
  18 adders
  10 gnolls
  6 ogre simulacra
  A swamp drake zombie (Crypt:1)
  6 naga simulacra (IceCv)
  8 shadow imps
  13 white imps
  5 oozes
  2 adder zombies
  An adder skeleton (D:7)
  6 worms
  3 dart slugs (D:2)
  10 leopard geckos
  85 orcs
  12 giant cockroaches
  7 goblins
  A hobgoblin (shapeshifter) (Vaults:5)
  12 hobgoblins
  16 jackals
  6 quokkas
  8 bats
  A dart slug zombie (Crypt:2)
  5 frilled lizards
  2 gnoll zombies (D:6)
  33 kobolds
  A leopard gecko skeleton (D:6)
  15 rats
  A butterfly (D:5)
  4 crawling corpses (Elf:2)
  5 plants
  3 tentacles (Abyss:3)
  A withered plant (Shoals:3)
3047 creatures vanquished.

Vanquished Creatures (collateral kills)
  4 ancient liches (Zot:5)
  A curse toe (Zot:3)
  A profane servitor (Crypt:3)
  2 electric golems (Zot:5)
  2 tentacled monstrosities
  2 liches (Crypt:3)
  2 Orb Guardians
  A quicksilver dragon (Zot:4)
  An acid blob (Slime:5)
  2 shadow dragons
  2 storm dragons
  A revenant (Crypt:3)
  An azure jelly (Slime:5)
  A reaper (D:12)
  A stone giant (Zig:4)
  A green draconian (Zot:5)
  A black draconian (Zot:4)
  A red draconian (Zot:4)
  2 purple draconians
  2 mottled draconians
  A white draconian (Zot:4)
  An eidolon (Crypt:3)
  A deep elf death mage (Crypt:3)
  A crystal guardian (Zig:4)
  2 death oozes (Slime:5)
  A death knight (Crypt:3)
  4 skeletal warriors
  3 shadow wraiths
  A shambling mangrove (Abyss:3)
  A phantasmal warrior (Crypt:1)
  2 moths of wrath
  A gargoyle (Zig:4)
  A guardian mummy (Crypt:3)
  A freezing wraith (Crypt:3)
  2 large abominations (Crypt:3)
  4 raiju (Abyss:3)
  3 slime creatures (Slime:5)
  A golden eye (Abyss:3)
  2 chaos spawn (Zig:5)
  A small abomination (Crypt:3)
  An eye of draining (Slime:5)
  2 necrophages (Crypt:3)
  A yaktaur skeleton (Crypt:1)
69 creatures vanquished.

Vanquished Creatures (others)
  A fire giant (Depths:5)
  A black draconian (Zot:3)
  A spark wasp (Depths:3)
  A deep elf death mage (Elf:3)
  A merfolk impaler (Shoals:4)
  A vault guard (Vaults:5)
  3 deep elf knights
  A wizard (D:13)
  A deep elf mage (Elf:3)
  A siren (Shoals:4)
  A two-headed ogre (Vaults:5)
  A hippogriff (D:9)
  3 humans (Lair:4)
  A mottled dragon (Zot:3)
  A slave (D:9)
  A necrophage (Crypt:2)
  A boggart (Vaults:2)
  An iguana (D:9)
  A shadow imp (D:9)
  A ball lightning (Abyss:3)
  3 fungi (Lair:4)
  A lurking horror (Abyss:3)
  12 plants
  2 starspawn tentacles (Abyss:3)
  6 tentacles (Abyss:3)
48 creatures vanquished.

Grand Total: 3164 creatures vanquished

Notes
Turn   | Place    | Note
-------+----------+-------------------------------------------
     0 | D:1      | p0werm0de the Mummy Hunter began the quest for the Orb.
     0 | D:1      | Reached XP level 1. HP: 16/16 MP: 1/1
   270 | D:1      | Reached XP level 2. HP: 23/23 MP: 2/2
   359 | D:1      | Reached skill level 3 in Fighting
   586 | D:1      | Reached XP level 3. HP: 14/29 MP: 3/3
   910 | D:2      | Found a shadowy altar of Dithmenos.
   930 | D:2      | Reached skill level 4 in Fighting
   992 | D:2      | Reached XP level 4. HP: 37/37 MP: 4/4
  1202 | D:2      | Found a stormy altar of Qazlal.
  1204 | D:2      | Found a sparkling altar of Nemelex Xobeh.
  1694 | D:2      | Reached skill level 5 in Fighting
  1786 | D:2      | Noticed a moth of wrath
  1789 | D:2      | Found a bloodstained altar of Trog.
  1992 | D:3      | Reached XP level 5. HP: 44/44 MP: 5/5
  2749 | D:4      | Reached skill level 6 in Fighting
  2837 | D:4      | Noticed an ogre
  2876 | D:4      | Found an iron altar of Okawaru.
  3093 | D:4      | Found a hide-covered altar of Uskayaw.
  3155 | D:4      | Found a radiant altar of Vehumet.
  3155 | D:4      | Found an ancient bone altar of Kikubaaqudgha.
  3156 | D:4      | Found a deep blue altar of Sif Muna.
  3161 | D:4      | Identified Kikubaaqudgha's Compendium of Unholy Rites
  3170 | D:4      | Learned a level 1 spell: Animate Skeleton
  3196 | D:4      | Reached XP level 6. HP: 51/53 MP: 6/6
  3352 | D:4      | Reached skill level 7 in Fighting
  3417 | D:5      | Entered Level 5 of the Dungeon
  3451 | D:5      | Found a runed door.
  3464 | D:5      | Found a runed door.
  3727 | D:5      | Reached XP level 7. HP: 59/61 MP: 7/7
  4063 | D:4      | Became a worshipper of Uskayaw the Reveler
  4134 | D:5      | Reached skill level 8 in Fighting
  4134 | D:5      | Reached * piety under Uskayaw
  4347 | D:5      | Reached ** piety under Uskayaw
  4349 | D:5      | Reached *** piety under Uskayaw
  4355 | D:5      | Reached **** piety under Uskayaw
  4357 | D:5      | Reached ***** piety under Uskayaw
  4694 | D:6      | Reached skill level 9 in Fighting
  4941 | D:6      | Reached XP level 8. HP: 11/71 MP: 8/8
  5351 | D:6      | Noticed TotoDurand's ghost (novice GrFi)
  5410 | D:5      | Reached skill level 10 in Fighting
  5630 | D:6      | Found a basalt altar of Yredelemnul.
  5823 | D:7      | Found a blossoming altar of Fedhas.
  5866 | D:7      | Reached skill level 1 in Long Blades
  6096 | D:7      | Reached skill level 2 in Long Blades
  6128 | D:7      | Found a radiant altar of Vehumet.
  6146 | D:7      | Reached skill level 1 in Armour
  6146 | D:7      | Reached skill level 2 in Dodging
  6567 | D:6      | Found a staircase to the Ecumenical Temple.
  6746 | D:6      | Reached skill level 3 in Long Blades
  6987 | D:7      | Found a glowing golden altar of the Shining One.
  7015 | D:7      | Found a sparkling altar of Nemelex Xobeh.
  7015 | D:7      | Noticed Jessica
  7025 | D:7      | Killed Jessica
  7130 | D:7      | Reached skill level 4 in Long Blades
  7473 | D:7      | Reached XP level 9. HP: 77/78 MP: 9/9
  7477 | D:7      | Reached skill level 5 in Long Blades
  7703 | D:8      | Found a shattered altar of Ashenzari.
  7863 | D:8      | Reached skill level 2 in Armour
  7973 | D:8      | Reached skill level 3 in Dodging
  8178 | D:8      | Reached skill level 3 in Armour
  8523 | D:9      | Reached skill level 4 in Dodging
  8581 | D:9      | Found a shadowy altar of Dithmenos.
  8668 | D:9      | Reached skill level 4 in Armour
  8976 | D:9      | Noticed a komodo dragon
  9118 | D:9      | Noticed Prince Ribbit
  9126 | D:9      | Reached skill level 5 in Dodging
  9132 | D:9      | Killed Prince Ribbit
  9132 | D:9      | Reached XP level 10. HP: 71/85 MP: 10/10
  9270 | D:9      | Found a white marble altar of Elyvilon.
  9391 | D:9      | Found a glowing silver altar of Zin.
  9541 | D:9      | Reached skill level 5 in Armour
  9667 | D:9      | Found an iron altar of Okawaru.
 10427 | D:9      | Found a staircase to the Lair.
 10529 | D:10     | Entered Level 10 of the Dungeon
 10667 | D:10     | Found Ysyotzig's Antique Armour Shop.
 10819 | D:10     | Bought a fine cloak for 180 gold pieces
 10819 | D:10     | Bought a pair of runed gloves for 199 gold pieces
 10824 | D:10     | Identified the cursed +0 cloak of the Trees {Dex+2} (You bought it in a shop on level 10 of the Dungeon)
 10851 | D:10     | Learned a level 1 spell: Confusing Touch
 10855 | D:10     | Learned a level 3 spell: Confuse
 10874 | D:10     | Reached skill level 6 in Dodging
 11116 | D:10     | Found an opulent altar of Gozag.
 11132 | D:10     | Noticed Harold
 11145 | D:10     | Killed Harold
 11145 | D:10     | Reached skill level 7 in Dodging
 11362 | D:10     | Reached skill level 8 in Dodging
 11379 | D:10     | Reached ****** piety under Uskayaw
 11658 | D:11     | Found a portal to a secret trove of treasure.
 11754 | D:11     | Found a staircase to the Orcish Mines.
 11768 | D:11     | Got a jewelled plate armour
 11779 | D:11     | Identified the +0 plate armour of Ivedym {+Fly Int+2} (You found it on level 11 of the Dungeon)
 11792 | D:11     | Found Enen's Weapon Emporium.
 11883 | D:11     | Reached XP level 11. HP: 52/90 MP: 11/11
 12055 | D:11     | Reached skill level 9 in Dodging
 12083 | D:11     | Noticed a hill giant
 12098 | D:11     | Killed a hill giant
 12486 | D:10     | You fall through a shaft for 2 floors!
 12692 | D:12     | Noticed a hill giant
 12698 | D:12     | Killed a hill giant
 12698 | D:12     | Reached skill level 10 in Dodging
 12833 | D:12     | Noticed barbarian's ghost (journeyman MiMo)
 12892 | D:12     | Noticed a brown ugly thing
 12909 | D:12     | Noticed a catoblepas
 13148 | Lair:1   | Entered Level 1 of the Lair of Beasts
 14314 | Lair:2   | Reached skill level 6 in Long Blades
 14404 | Lair:2   | Reached skill level 1 in Invocations
 14422 | Lair:2   | Reached skill level 2 in Invocations
 14743 | Lair:3   | Reached skill level 3 in Invocations
 14757 | Lair:3   | Found a staircase to the Shoals.
 14993 | Lair:3   | Identified a scroll of acquirement
 15311 | Lair:3   | Reached skill level 4 in Invocations
 15311 | Lair:3   | Reached XP level 12. HP: 77/97 MP: 9/15
 15415 | Lair:3   | Found a hole to the Spider Nest.
 15547 | Lair:3   | Reached skill level 5 in Invocations
 15548 | Lair:3   | Noticed a four-headed hydra
 15560 | Lair:3   | Killed a four-headed hydra
 15563 | Lair:3   | Reached skill level 6 in Invocations
 15878 | Lair:4   | Noticed a death yak
 15878 | Lair:4   | Noticed a death yak
 15880 | Lair:4   | Noticed a death yak
 15881 | Lair:4   | Noticed a death yak
 15881 | Lair:4   | Noticed a death yak
 15943 | Lair:3   | Killed a death yak
 16233 | Lair:4   | Reached skill level 7 in Invocations
 16363 | Lair:4   | Noticed Kirke
 16378 | Lair:4   | Killed Kirke
 16378 | Lair:4   | Reached skill level 8 in Invocations
 16524 | Lair:3   | Killed a death yak
 16573 | Lair:4   | Noticed a six-headed hydra
 16615 | Lair:3   | Killed a death yak
 16615 | Lair:3   | Reached skill level 9 in Invocations
 16711 | Lair:3   | Killed a death yak
 16811 | Lair:4   | Killed a death yak
 17052 | Lair:4   | Reached skill level 10 in Invocations
 17194 | Lair:4   | Reached skill level 11 in Dodging
 17661 | Lair:5   | Gained mutation: You are in touch with the powers of death. [Mummy growth]
 17661 | Lair:5   | Reached XP level 13. HP: 75/103 MP: 11/20
 18213 | Lair:5   | Reached skill level 12 in Dodging
 18789 | Lair:6   | Entered Level 6 of the Lair of Beasts
 18840 | Lair:6   | Found a staircase to the Slime Pits.
 19038 | Lair:6   | Got an iridescent trident
 19041 | Lair:6   | Identified the cursed +0 trident "Qiextes" {venom, rF+ Dex+3} (You found it on level 6 of the Lair of Beasts)
 19106 | Lair:6   | Got a steaming wooden ring
 19108 | Lair:6   | Identified the ring "Kosuisch" {rElec rPois MR+ Int+2} (You found it on level 6 of the Lair of Beasts)
 19143 | Lair:6   | Identified a +4 rod of clouds (10/10) (You found it on level 6 of the Lair of Beasts)
 19328 | Lair:6   | Reached skill level 7 in Long Blades
 19938 | Lair:1   | Learned a level 2 spell: Repel Missiles
 20041 | D:9      | Noticed Pikel
 20067 | D:9      | Killed Pikel
 20067 | D:9      | Reached skill level 8 in Long Blades
 20109 | Orc:1    | Entered Level 1 of the Orcish Mines
 20878 | Orc:1    | Reached skill level 9 in Long Blades
 21060 | Orc:2    | Entered Level 2 of the Orcish Mines
 21145 | Orc:2    | Found a staircase to the Elven Halls.
 21691 | Orc:2    | Noticed Urug
 21693 | Orc:2    | Noticed Nergalle
 21832 | Orc:1    | Killed Nergalle
 21832 | Orc:1    | Reached XP level 14. HP: 110/110 MP: 21/21
 21945 | Orc:2    | Killed Urug
 21945 | Orc:2    | Reached skill level 10 in Long Blades
 22075 | Orc:2    | Noticed an orc warlord
 22081 | Orc:2    | Reached skill level 1 in Stealth
 22190 | Orc:2    | Reached skill level 2 in Stealth
 22204 | Orc:2    | Found a roughly hewn altar of Beogh.
 22240 | Orc:2    | Found Xuddair's Antique Armour Shoppe.
 22402 | Orc:2    | Noticed Maurice
 22502 | Orc:2    | Killed Maurice
 22502 | Orc:2    | Reached skill level 3 in Stealth
 22715 | Orc:2    | Killed an orc warlord
 22752 | Orc:2    | Found Suob's Antique Weapon Shoppe.
 22785 | Orc:2    | Found Faacza's General Store.
 22794 | Orc:2    | Bought a scroll of identify for 28 gold pieces
 22803 | Orc:2    | Found Ziluam's Jewellery Shoppe.
 22810 | Orc:2    | Bought a +6 ring of protection for 936 gold pieces
 22828 | Orc:2    | Bought a scorched buckler for 351 gold pieces
 22838 | Orc:2    | Identified the cursed +0 buckler of Dramatic Exits {MR+ Dex+3} (You bought it in a shop on level 2 of the Orcish Mines)
 22854 | Orc:2    | Bought an ichor-stained rapier for 180 gold pieces
 22854 | Orc:2    | Identified the +9 rapier of Duty {flame, rF+} (You bought it in a shop on level 2 of the Orcish Mines)
 23108 | Elf:1    | Entered Level 1 of the Elven Halls
 23380 | D:12     | Noticed Sonja
 23407 | D:12     | Killed Sonja
 23553 | D:12     | Killed barbarian's ghost
 23953 | D:13     | Found a frozen archway.
 24010 | D:13     | Learned a level 2 spell: Swiftness
 24012 | IceCv    | Entered an ice cave
 24105 | IceCv    | Reached skill level 11 in Long Blades
 24252 | IceCv    | Noticed kae's ghost (journeyman FoFi)
 24274 | IceCv    | Killed kae's ghost
 24446 | IceCv    | Found an ancient bone altar of Kikubaaqudgha.
 24943 | D:13     | Reached skill level 12 in Long Blades
 26069 | D:14     | Reached XP level 15. HP: 57/115 MP: 22/22
 26479 | D:14     | Reached skill level 13 in Long Blades
 27200 | D:15     | Entered Level 15 of the Dungeon
 27204 | D:15     | Noticed Roxanne
 27434 | D:15     | Found a staircase to the Depths.
 27547 | D:15     | Noticed Rupert
 27910 | Spider:1 | Entered Level 1 of the Spider Nest
 28278 | Spider:1 | Noticed Agnes
 28289 | Spider:1 | Killed Agnes
 28751 | Spider:1 | Reached skill level 14 in Long Blades
 29934 | Spider:2 | Reached skill level 1 in Shields
 30043 | Spider:2 | Reached skill level 2 in Shields
 30340 | Spider:3 | Reached skill level 3 in Shields
 30676 | Spider:3 | Reached skill level 4 in Shields
 31038 | Spider:3 | Reached skill level 5 in Shields
 31358 | Spider:3 | Reached skill level 4 in Stealth
 31506 | Spider:3 | Reached XP level 16. HP: 118/123 MP: 23/23
 31848 | Spider:4 | Entered Level 4 of the Spider Nest
 31948 | Spider:3 | Reached skill level 11 in Fighting
 32686 | Spider:4 | Reached skill level 12 in Fighting
 33154 | Spider:4 | Reached skill level 13 in Fighting
 33734 | Spider:4 | Got a gossamer rune of Zot
 33866 | Spider:4 | Reached skill level 14 in Fighting
 34391 | Shoals:1 | Entered Level 1 of the Shoals
 35299 | Elf:1    | Found Vool Wua's Jewellery Shop.
 35792 | D:13     | Found a gate to the Vaults.
 35992 | Vaults:1 | Entered Level 1 of the Vaults
 36075 | Vaults:1 | Reached skill level 15 in Fighting
 36377 | D:13     | Reached XP level 17. HP: 89/142 MP: 24/24
 36777 | Vaults:1 | Reached skill level 1 in Evocations
 36959 | Vaults:1 | Reached skill level 2 in Evocations
 37270 | Vaults:1 | Reached skill level 3 in Evocations
 37288 | Vaults:1 | Reached skill level 4 in Evocations
 37533 | Vaults:1 | Reached skill level 5 in Evocations
 37814 | Vaults:1 | Reached skill level 6 in Evocations
 38261 | Vaults:1 | Found Unoul's Assorted Antiques.
 38277 | Vaults:1 | Bought a scroll of teleportation for 81 gold pieces
 38277 | Vaults:1 | Bought a scroll labeled VAUM AJAMOIPN for 27 gold pieces
 38375 | Vaults:1 | Reached skill level 7 in Evocations
 38805 | Vaults:1 | Found Awunkop's Assorted Antiques.
 38928 | Vaults:1 | Reached skill level 8 in Evocations
 39555 | Vaults:2 | Reached skill level 9 in Evocations
 39623 | Vaults:2 | Found Egayxud's Antique Weapon Shoppe.
 39728 | Vaults:2 | Found Pihao's Magic Scroll Emporium.
 39740 | Vaults:2 | Bought a scroll of blinking for 82 gold pieces
 40204 | Vaults:2 | Reached skill level 10 in Evocations
 40243 | Vaults:2 | Reached XP level 18. HP: 149/149 MP: 25/25
 40746 | Vaults:2 | Reached skill level 13 in Dodging
 41084 | Vaults:2 | Found Ned Wueb's Magic Scroll Boutique.
 41092 | Vaults:2 | Bought a scroll of teleportation for 45 gold pieces
 41092 | Vaults:2 | Bought a scroll of blinking for 112 gold pieces
 41092 | Vaults:2 | Bought a scroll of fear for 52 gold pieces
 41092 | Vaults:2 | Bought a scroll of recharging for 142 gold pieces
 41092 | Vaults:2 | Bought a scroll of recharging for 142 gold pieces
 41105 | Vaults:2 | Found a staircase to the Crypt.
 41105 | Vaults:2 | Found an ancient bone altar of Kikubaaqudgha.
 41499 | Vaults:2 | Found a basalt altar of Yredelemnul.
 41888 | Vaults:2 | Reached skill level 14 in Dodging
 41925 | Vaults:3 | Got a crystal flail
 41926 | Vaults:3 | Identified the cursed +0 flail of the Grave {protect, rC++} (You found it on level 3 of the Vaults)
 41969 | Vaults:3 | Learned a level 3 spell: Ozocubu's Armour
 43357 | Vaults:3 | Reached skill level 15 in Dodging
 44509 | Vaults:4 | Reached XP level 19. HP: 138/155 MP: 26/26
 44633 | Vaults:2 | Bought a scroll of enchant armour for 82 gold pieces
 44633 | Vaults:2 | Bought a scroll of enchant armour for 82 gold pieces
 44633 | Vaults:2 | Bought a scroll of enchant armour for 82 gold pieces
 44633 | Vaults:2 | Bought a scroll of magic mapping for 38 gold pieces
 45136 | Shoals:1 | Reached skill level 6 in Armour
 45815 | Shoals:1 | Reached skill level 7 in Armour
 46466 | Shoals:1 | Reached skill level 8 in Armour
 47174 | Shoals:2 | Noticed Frances
 47180 | Shoals:2 | Killed Frances
 47382 | Shoals:2 | Reached skill level 9 in Armour
 47437 | Shoals:2 | Noticed Polyphemus
 48679 | Shoals:3 | Reached skill level 10 in Armour
 49351 | Shoals:4 | Entered Level 4 of the Shoals
 49470 | Shoals:4 | Reached skill level 11 in Armour
 49724 | Shoals:4 | Noticed Ilsuiw
 50280 | Shoals:4 | Killed Ilsuiw
 50892 | Shoals:4 | Got a barnacled rune of Zot
 51037 | Shoals:4 | Reached XP level 20. HP: 154/162 MP: 27/27
 51098 | Shoals:4 | Reached skill level 12 in Armour
 51242 | Shoals:4 | Got a scorched spear
 51243 | Shoals:4 | Identified the +8 spear of Purpose {speed, rPois Dex+4} (You found it on level 4 of the Shoals)
 52186 | Temple   | Entered the Ecumenical Temple
 52492 | D:6      | Killed TotoDurand's ghost
 52722 | Vaults:1 | Noticed a golden dragon
 52734 | Vaults:1 | a golden dragon changed into a shadow dragon
 53553 | Vaults:4 | Identified the +0 robe of the Game Afoot {rCorr MP+9} (You found it on level 4 of the Vaults)
 53573 | Vaults:4 | Reached skill level 13 in Armour
 53642 | Vaults:4 | Found Gujiedo's Food Shop.
 54866 | Crypt:1  | Entered Level 1 of the Crypt
 54920 | Crypt:1  | Reached skill level 14 in Armour
 56712 | Crypt:2  | Reached skill level 15 in Armour
 57575 | Crypt:1  | Reached skill level 1 in Spellcasting
 57632 | Crypt:1  | Reached XP level 21. HP: 104/168 MP: 28/28
 57833 | Crypt:1  | Reached skill level 2 in Spellcasting
 58246 | Elf:1    | Reached skill level 3 in Spellcasting
 58347 | Elf:1    | Reached skill level 4 in Spellcasting
 58534 | Elf:1    | Identified the Collected Works on the Burning Glacier
 58552 | Elf:1    | Got faintly humming quicksilver dragon scales
 58563 | Elf:1    | Identified the cursed quicksilver dragon scales "Plog" {rN+ MR+ Regen+ Dex-3 Stlth+} (You found it on level 1 of the Elven Halls)
 58650 | Elf:1    | Reached skill level 5 in Spellcasting
 58777 | Elf:1    | Noticed Donald
 58788 | Elf:1    | Killed Donald
 59417 | Elf:1    | Reached skill level 6 in Spellcasting
 59809 | Elf:1    | Noticed Asterion
 59850 | Elf:1    | Killed Asterion
 60241 | Elf:1    | Reached skill level 7 in Spellcasting
 60868 | Elf:2    | Reached skill level 8 in Spellcasting
 61003 | Elf:2    | Noticed Aizul
 61015 | Elf:2    | Killed Aizul
 61050 | Elf:2    | Found a huge runed gate.
 61052 | Elf:2    | Found a huge runed gate.
 61052 | Elf:2    | Found a huge runed gate.
 61053 | Elf:2    | Found a huge runed gate.
 61053 | Elf:2    | Found a huge runed gate.
 61283 | Elf:3    | Entered Level 3 of the Elven Halls
 61384 | Elf:1    | Bought the ring of Deumaum {+Inv rC+++ rN++ MP+9 Int-5} for 1242 gold pieces
 61944 | Elf:2    | Reached skill level 16 in Fighting
 62453 | Elf:3    | Got a shimmering cloak
 62464 | Elf:3    | Identified the +2 cloak "Nogrehin" {Str-3 Int+2 Dex+3} (You found it on level 3 of the Elven Halls)
 63457 | Elf:2    | Reached skill level 17 in Fighting
 63642 | Elf:2    | Got an encrusted morningstar {crush}
 63643 | Elf:2    | Identified the +12 morningstar "Cuqiown" {crush, +Blink rPois Str-3 Dex-5} (You took it off a deep elf demonologist on level 2 of the Elven Halls)
 64237 | Elf:3    | Identified a +5 rod of ignition (10/10) (You took it off a deep elf death mage on level 3 of the Elven Halls)
 64257 | Elf:3    | Reached XP level 22. HP: 159/183 MP: 34/34
 64905 | Elf:3    | Learned a level 1 spell: Summon Butterflies
 64907 | Elf:3    | Learned a level 1 spell: Apportation
 64916 | Elf:3    | Identified the Papyrus of the Dusty Blaze
 65054 | Elf:2    | Reached skill level 18 in Fighting
 65507 | D:13     | Reached skill level 1 in Maces & Flails
 65638 | D:15     | Killed Rupert
 65638 | D:15     | Reached skill level 2 in Maces & Flails
 65976 | D:15     | Reached skill level 3 in Maces & Flails
 66550 | D:15     | Found a blossoming altar of Fedhas.
 66990 | D:15     | Reached skill level 4 in Maces & Flails
 67153 | Depths:1 | Entered Level 1 of the Depths
 67195 | Depths:1 | Noticed Louise
 67209 | Depths:1 | Found a one-way gate to the infinite horrors of the Abyss.
 67215 | Depths:1 | Killed Louise
 67236 | Depths:1 | Reached skill level 5 in Maces & Flails
 67264 | Depths:1 | Found Yshatops's Jewellery Shop.
 67264 | Depths:1 | Found Uhiulast's Gadget Shoppe.
 67266 | Depths:1 | Found Jaon's Gadget Shoppe.
 67278 | Depths:1 | Bought the macabre finger necklace {rN+} for 243 gold pieces
 67278 | Depths:1 | Bought the ring of Shadows {Umbra +Inv Stlth+} for 409 gold pieces
 67583 | Depths:1 | Found a gateway to Hell.
 67820 | Depths:1 | Reached skill level 6 in Maces & Flails
 68040 | Depths:1 | Found Viqoen's Island Escapes.
 68339 | Depths:1 | Reached skill level 7 in Maces & Flails
 68647 | Depths:2 | Found a one-way gate leading to the halls of Pandemonium.
 68893 | Depths:2 | Reached skill level 8 in Maces & Flails
 69380 | Depths:2 | Reached skill level 9 in Maces & Flails
 69701 | Depths:3 | Found Fufiem's Magic Scroll Shop.
 69984 | Depths:3 | Learned a level 2 spell: Song of Slaying
 69988 | Depths:3 | Learned a level 3 spell: Spectral Weapon
 70048 | Depths:3 | Reached skill level 10 in Maces & Flails
 70623 | Depths:3 | Noticed Mara
 70634 | Depths:3 | Noticed p0werm0de's illusion
 70639 | Depths:3 | Killed Mara
 70639 | Depths:3 | Reached XP level 23. HP: 190/190 MP: 35/35
 70874 | Depths:3 | Reached skill level 11 in Maces & Flails
 71510 | Depths:2 | Noticed a juggernaut
 71555 | Depths:2 | Killed a juggernaut
 71555 | Depths:2 | Reached skill level 12 in Maces & Flails
 71564 | Depths:2 | Found a runed door.
 71587 | Depths:2 | Found a runed door.
 71588 | Depths:2 | Found a runed door.
 71634 | Depths:2 | Found a runed door.
 72089 | Depths:4 | Identified the Collected Works on Quantum Talismans
 72123 | Depths:4 | Noticed Mennas
 72458 | Depths:4 | Reached skill level 1 in Summonings
 72474 | Depths:4 | Reached skill level 2 in Summonings
 72662 | Depths:4 | Found Warovearph's Distillery.
 72748 | Depths:4 | Reached skill level 3 in Summonings
 72936 | Depths:4 | Noticed a juggernaut
 72968 | Depths:4 | Killed a juggernaut
 72968 | Depths:4 | Reached skill level 4 in Summonings
 73024 | Depths:4 | Reached skill level 5 in Summonings
 73257 | Depths:4 | Identified a +5 rod of ignition (11/11) (You took it off a deep elf high priest on level 4 of the Depths)
 73549 | Depths:3 | Reached skill level 6 in Summonings
 73597 | Depths:3 | Bought 3 scrolls of blinking for 472 gold pieces
 73597 | Depths:3 | Bought 3 scrolls of enchant armour for 472 gold pieces
 73602 | Depths:3 | Bought a scroll of recharging for 199 gold pieces
 73652 | Depths:5 | Entered Level 5 of the Depths
 73996 | Depths:5 | Found a gateway to a ziggurat.
 74045 | Depths:5 | Reached skill level 7 in Summonings
 74065 | Depths:5 | Noticed a juggernaut
 74086 | Depths:5 | Killed a juggernaut
 74101 | Depths:5 | Reached skill level 8 in Summonings
 74708 | Depths:5 | Reached skill level 9 in Summonings
 74758 | Depths:5 | Reached XP level 24. HP: 194/197 MP: 35/35
 75213 | Depths:5 | Reached skill level 10 in Summonings
 75594 | Depths:5 | Reached skill level 11 in Summonings
 75600 | Depths:5 | Found a gate to the Realm of Zot.
 76126 | Lair:1   | Learned a level 3 spell: Lesser Beckoning
 76132 | Lair:1   | Learned a level 5 spell: Summon Mana Viper
 76249 | Slime:1  | Entered Level 1 of the Pits of Slime
 76980 | Slime:3  | Noticed Dissolution
 76984 | Slime:3  | Paralysed by a floating eye for 4 turns
 77361 | Slime:3  | Killed Dissolution
 77667 | Slime:4  | Reached skill level 12 in Summonings
 77932 | Slime:5  | Entered Level 5 of the Pits of Slime
 78227 | Slime:5  | Noticed the Royal Jelly
 78781 | Slime:5  | Reached skill level 13 in Summonings
 78881 | Slime:5  | Found a viscous altar of Jiyva.
 79553 | Lair:1   | Learned a level 7 spell: Monstrous Menagerie
 79956 | Vaults:5 | Entered Level 5 of the Vaults
 80129 | Vaults:5 | Reached skill level 14 in Summonings
 80157 | Vaults:5 | Reached XP level 25. HP: 111/204 MP: 35/35
 80512 | Vaults:5 | Reached skill level 15 in Summonings
 80961 | Vaults:5 | Reached skill level 16 in Summonings
 80963 | Vaults:5 | Got a transparent jade ring
 80976 | Vaults:5 | Identified the ring "Nefuath" {MP+9 Str+8 Int-5} (You took it off an ironheart preserver on level 5 of the Vaults)
 81300 | Vaults:5 | Got a silver rune of Zot
 81733 | Vaults:5 | Reached skill level 17 in Summonings
 83308 | Crypt:2  | Gained mutation: You are strongly in touch with the powers of death. [Mummy growth]
 83308 | Crypt:2  | Reached XP level 26. HP: 146/211 MP: 20/35
 83383 | Crypt:2  | Reached skill level 18 in Summonings
 84107 | Crypt:2  | Reached skill level 16 in Dodging
 84422 | Crypt:3  | Entered Level 3 of the Crypt
 84504 | Crypt:3  | Identified the +7 battleaxe of the Exiled Spirits {chop, rF+} (You took it off a skeletal warrior on level 3 of the Crypt)
 84926 | Crypt:3  | Found a basalt altar of Yredelemnul.
 85522 | Crypt:3  | Got a polished short sword
 85523 | Crypt:3  | Identified the +6 short sword "Worm's Wrath" {pierce, *Noise rElec rPois Stlth+} (You found it on level 3 of the Crypt)
 85681 | Crypt:3  | Reached skill level 19 in Fighting
 85730 | Crypt:3  | Noticed Khufu
 85760 | Crypt:3  | Killed Khufu
 86586 | Crypt:3  | Found a staircase to the Tomb.
 87057 | D:15     | Learned a level 8 spell: Summon Horrible Things
 87186 | Zig:1    | Entered Level 1 of a ziggurat
 87371 | Zig:2    | Entered Level 2 of a ziggurat
 87415 | Zig:3    | Entered Level 3 of a ziggurat
 87441 | Zig:3    | Reached skill level 17 in Dodging
 87477 | Zig:4    | Entered Level 4 of a ziggurat
 87603 | Zig:5    | Entered Level 5 of a ziggurat
 87685 | Zig:5    | Got a crude plate armour
 87696 | Zig:5    | Identified the +2 plate armour of Amelioration {MR++ Stlth+} (You found it on level 5 of a ziggurat)
 87715 | Zig:5    | Identified Bify's Handbook of Gliding Orientation
 87725 | Zig:6    | Entered Level 6 of a ziggurat
 88185 | Depths:3 | Bought a scroll of acquirement for 1092 gold pieces
 88487 | Zot:1    | Entered Level 1 of the Realm of Zot
 88739 | Zot:1    | Reached skill level 13 in Maces & Flails
 90567 | Zot:1    | Reached skill level 14 in Maces & Flails
 90902 | Zot:1    | Reached XP level 27. HP: 178/222 MP: 35/35
 91500 | Zot:1    | Reached skill level 15 in Maces & Flails
 92282 | Zot:2    | Reached skill level 16 in Maces & Flails
 92938 | Zot:3    | Reached skill level 11 in Invocations
 93286 | Zot:3    | Reached skill level 12 in Invocations
 93750 | Zot:3    | Reached skill level 13 in Invocations
 93804 | Zot:3    | Identified the Grimoire of Darkness
 94490 | Zot:3    | Reached skill level 14 in Invocations
 95207 | Zot:4    | Reached skill level 15 in Invocations
 95995 | Vaults:2 | Bought a scroll of enchant weapon for 112 gold pieces
 96676 | Slime:5  | Killed the Royal Jelly
 96747 | Slime:5  | Got a steaming ivory ring
 96836 | Slime:5  | Got a slimy rune of Zot
 96873 | Slime:5  | Identified the +2 gold dragon scales of Guerun {+Blink rPois rF+ rC+ Dex+3} (You found it on level 5 of the Pits of Slime)
 96943 | Slime:5  | Identified the ring of Utuna {rC+ Int+6} (You found it on level 5 of the Pits of Slime)
 97413 | Depths:3 | Bought a scroll of acquirement for 1092 gold pieces
 97413 | Depths:3 | Bought a scroll of acquirement for 1092 gold pieces
 97431 | Depths:3 | Bought a scroll of magic mapping for 73 gold pieces
 97486 | Depths:4 | Voluntarily entered the Abyss.
 97698 | Abyss:3  | Found a shimmering altar of Xom.
 97698 | Abyss:3  | Found a shimmering altar of Xom.
 97698 | Abyss:3  | Found a corrupted altar of Lugonu.
 97698 | Abyss:3  | Found a shimmering altar of Xom.
 97698 | Abyss:3  | Found a shimmering altar of Xom.
 97699 | Abyss:3  | Found a shimmering altar of Xom.
 97699 | Abyss:3  | Found a shimmering altar of Xom.
 97699 | Abyss:3  | Found a shimmering altar of Xom.
 97699 | Abyss:3  | Found a shimmering altar of Xom.
 97700 | Abyss:3  | Found a shimmering altar of Xom.
 97725 | Abyss:3  | Found a corrupted altar of Lugonu.
 98011 | Abyss:3  | Reached skill level 18 in Dodging
 98060 | Abyss:3  | Found a corrupted altar of Lugonu.
 98579 | Abyss:3  | Got an abyssal rune of Zot
 98702 | Depths:4 | Escaped the Abyss
 98984 | Orc:2    | Bought the ring "Vatutaut" {rF+ Str+3} for 459 gold pieces
 99401 | Zot:5    | Entered Level 5 of the Realm of Zot
 99440 | Zot:5    | Reached skill level 19 in Dodging
100101 | Zot:5    | Noticed an ancient lich
100113 | Zot:5    | Killed an ancient lich
100188 | Zot:5    | Reached skill level 20 in Dodging
100199 | Zot:5    | Noticed an ancient lich
100208 | Zot:5    | Killed an ancient lich
100209 | Zot:5    | Noticed an ancient lich
100230 | Zot:5    | Killed an ancient lich
100524 | Zot:5    | Noticed an ancient lich
100535 | Zot:5    | Killed an ancient lich
100622 | Zot:5    | Noticed an ancient lich
100627 | Zot:5    | Noticed an ancient lich
100639 | Zot:5    | Killed an ancient lich
100650 | Zot:5    | Killed an ancient lich
100899 | Zot:5    | Noticed an ancient lich
100928 | Zot:5    | Killed an ancient lich
101230 | Zot:5    | Reached skill level 16 in Invocations
101277 | Zot:5    | Noticed an orb of fire
101309 | Zot:5    | Killed an orb of fire
101788 | Zot:5    | Noticed an orb of fire
101813 | Zot:5    | Killed an orb of fire
101813 | Zot:5    | Reached skill level 17 in Invocations
102204 | Zot:5    | Noticed an orb of fire
102242 | Zot:5    | Killed an orb of fire
102449 | Zot:5    | Noticed an orb of fire
102484 | Zot:5    | Killed an orb of fire
102484 | Zot:5    | Reached skill level 18 in Invocations
102960 | Zot:5    | Got the Orb of Zot
102973 | Zot:5    | Noticed Kuruog the pandemonium lord
103640 | D:$      | Escaped with the Orb!

Skill      XL: |  1  2  3  4  5  6  7  8  9 10 11 12 13 14 15 16 17 18 19 20 21 22 23 24 25 26 27 |
---------------+----------------------------------------------------------------------------------+-----
Fighting       | 3 4 5 6 7 9 10 15 17 18 19 | 19.4
Long Blades    | 4 5 6 9 12 14 | 14.7
Armour         | 1 4 5 11 15 | 15.1
Dodging        | 2 5 8 10 11 12 15 17 20 | 20.6
Invocations    | 4 10 18 | 18.4
Stealth        | 3 4 |  4.0
Shields        | 5 |  5.0
Evocations     | 10 | 10.0
Spellcasting   | 1 8 |  8.0
Maces & Flails | 10 12 14 16 | 16.3
Summonings     | 9 14 17 18 | 18.1
Crossbows      | |  3.2

Action                   |  1- 3 |  4- 6 |  7- 9 | 10-12 | 13-15 | 16-18 | 19-21 | 22-24 | 25-27 || total
-------------------------+-------+-------+-------+-------+-------+-------+-------+-------+-------++-------
Melee: Whip              |    32 |    98 |       |       |       |       |       |       |       ||   130
       Long sword        |       |     6 |   328 |   720 |  1725 |  1788 |  2185 |       |       ||  6752
       Dagger            |       |       |       |     7 |    25 |    32 |   130 |    64 |    54 ||   312
       Scimitar          |       |       |       |       |     7 |       |   134 |   204 |       ||   345
       Demon whip        |       |       |       |       |       |       |       |  2695 |  3004 ||  5699
       Eveningstar       |       |       |       |       |       |       |       |       |  1846 ||  1846
 Fire: Hand crossbow     |    56 |   137 |     5 |       |       |       |       |       |       ||   198
       Blowgun           |       |       |       |       |    22 |    45 |       |       |       ||    67
Throw: Tomahawk          |       |       |       |     1 |     2 |       |       |       |       ||     3
       Javelin           |       |       |       |       |     6 |     4 |    20 |       |       ||    30
       Throwing net      |       |       |       |       |       |       |     1 |     1 |     1 ||     3
 Cast: Repel Missiles    |       |       |       |       |     2 |     1 |       |     1 |     8 ||    12
       Monstrous Menager |       |       |       |       |       |       |       |       |   117 ||   117
       Summon Mana Viper |       |       |       |       |       |       |       |       |    32 ||    32
       Song of Slaying   |       |       |       |       |       |       |       |       |     2 ||     2
       Confusing Touch   |       |       |       |       |       |       |       |       |     3 ||     3
       Summon Butterflie |       |       |       |       |       |       |       |       |     2 ||     2
       Apportation       |       |       |       |       |       |       |       |       |     1 ||     1
       Swiftness         |       |       |       |       |       |       |       |       |     1 ||     1
       Spectral Weapon   |       |       |       |       |       |       |       |       |     1 ||     1
Invok: Grand Finale      |       |       |       |     1 |     1 |     1 |     3 |     1 |     4 ||    11
       Stomp             |       |       |       |     1 |       |       |       |       |       ||     1
       Line Pass         |       |       |       |       |     4 |     3 |     2 |       |     1 ||    10
 Abil: Evoke Invisibilit |       |       |       |       |       |       |     4 |     5 |     4 ||    13
Evoke: Wand              |       |       |       |    26 |    19 |    35 |    69 |    23 |    45 ||   217
       Rod               |       |       |       |       |     3 |    42 |    99 |    90 |    30 ||   264
       Lamp of fire      |       |       |       |       |       |       |     2 |     3 |     9 ||    14
       Phial of floods   |       |       |       |       |       |       |       |     2 |     5 ||     7
       Sack of spiders   |       |       |       |       |       |       |       |       |     4 ||     4
       Box of beasts     |       |       |       |       |       |       |       |       |     3 ||     3
  Use: Scroll            |       |     5 |     7 |    16 |    16 |    10 |    33 |    20 |    37 ||   144
 Stab: Paralysed         |       |       |     9 |    37 |   150 |   174 |   133 |   249 |   360 ||  1112
       Sleeping          |       |       |       |     2 |    17 |    10 |     3 |     6 |     3 ||    41
       Distracted        |       |       |       |     1 |     3 |       |     2 |     2 |    47 ||    55
       Confused          |       |       |       |       |     1 |    21 |    10 |    11 |     1 ||    44
       Petrified         |       |       |       |       |       |       |     6 |       |     2 ||     8
       Invisible         |       |       |       |       |       |       |    20 |    32 |    19 ||    71
       Held in net/web   |       |       |       |       |       |       |       |     3 |     3 ||     6
Armor: Leather armour    |    12 |    28 |       |       |       |       |       |       |       ||    40
       Scale mail        |       |    45 |    56 |       |       |       |       |       |       ||   101
       Ring mail         |       |       |    91 |    27 |       |       |       |       |       ||   118
       Troll leather arm |       |       |       |   147 |   399 |   395 |     3 |       |       ||   944
       Fire dragon scale |       |       |       |       |       |       |   851 |   910 |  1649 ||  3410
Dodge: Dodged            |    26 |    87 |   194 |   582 |  1493 |  1149 |  1448 |  1921 |  2864 ||  9764
       Deflected         |       |       |       |       |     5 |     5 |     1 |     2 |    12 ||    25
Block: Buckler           |       |    26 |    54 |   131 |   431 |   549 |   668 |   703 |  1037 ||  3599
       Shield            |       |       |       |       |       |       |    93 |       |       ||    93
       Rpst.: Long sword |       |       |    64 |   173 |   331 |   227 |   241 |       |       ||  1036
       Scimitar          |       |       |       |       |     3 |       |    21 |    25 |       ||    49
       Eveningstar       |       |       |       |       |       |       |       |       |   136 ||   136
       Dagger            |       |       |       |       |       |       |       |       |     2 ||     2
